 Dungeon Crawl Stone Soup version 0.30-a0-187-gd9c2deaf24 (webtiles) character file.

Game seed: 15202984172787468661

50 IdlyInterested the Conjurer (level 3, -10/40 HPs)
             Began as a Demonspawn Wanderer on Oct 3, 2022.
             Killed by divine providence
             ... invoked by an orc priest
              (14 damage)
             ... on level 4 of the Dungeon.
             The game lasted 00:08:45 (2912 turns).

IdlyInterested the Conjurer (Demonspawn Wanderer)   Turns: 2912, Time: 00:08:45

Health: -10/40     AC:  8    Str: 13    XL:     3   Next: 55%
Magic:  6/6        EV:  8    Int: 17    God:
Gold:   99         SH:  0    Dex:  9    Spells: 5/6 levels left

rFire   . . .      SeeInvis +    c - +2 dagger (venom)
rCold   . . .      Faith    .    (no shield)
rNeg    . . .      Spirit   .    o - +0 scale mail
rPois   .          Reflect  .    i - +0 helmet
rElec   .          Harm     .    (no cloak)
rCorr   .          Rampage  .    s - +0 pair of gloves
Will    .....                    (no boots)
Stlth   ..........               (no amulet)
HPRegen 0.26/turn                n - ring of see invisible
MPRegen 0.10/turn                (no ring)

@: berserking, very quick
A: demonic magic 2
a: no special abilities


You were on level 4 of the Dungeon.
You visited 1 branch of the dungeon, and saw 4 of its levels.

You collected 99 gold pieces.

Inventory:

Hand Weapons
 a - a +0 dagger
 c - a +2 dagger of venom (weapon)
 k - a +0 short sword
Missiles
 b - 8 poisoned darts
Armour
 d - a +0 robe
 f - a +0 chain mail
 i - a +0 helmet (worn)
 m - a +0 leather armour
 o - a +0 scale mail (worn)
 s - a +0 pair of gloves (worn)
Magical Staves
 j - a staff of fire
Jewellery
 n - a ring of see invisible (left hand)
 v - a ring of ice
Scrolls
 h - a scroll of fear
 r - 2 scrolls of teleportation
 u - a scroll of fog
Potions
 e - a potion of lignification
 g - a potion of heal wounds {unknown}
 l - a potion of degeneration {unknown}
 p - a potion of resistance
 t - a potion of haste {unknown}


   Skills:
 * Level 2.2 Fighting
 * Level 1.2 Short Blades
 - Level 3.0 Throwing
 + Level 0.5 Stealth
 - Level 2.0 Spellcasting
 - Level 3.0 Conjurations
 - Level 1.0 Summonings
 - Level 1.0 Evocations


You had 5 spell levels left.
You knew the following spells:

 Your Spells              Type           Power      Damage    Failure   Level
a - Magic Dart            Conj           44%        1d5       28%         1

Your spell library contained the following spells:

 Spells                   Type           Power      Damage    Failure   Level
 Kiss of Death            Conj/Necr      24%        2d7       45%         1
 Summon Small Mammal      Summ           20%        N/A       54%         1
 Call Canine Familiar     Summ           5%         N/A       88%         3
 Summon Guardian Golem    Hex/Summ       3%         N/A       93%         3
 Portal Projectile        Hex/Tloc       2%         N/A       96%         3
 Tukima's Dance           Hex            1%         N/A       96%         3
 Flame Wave               Conj/Fire      6%         2d5       99%         4
 Leda's Liquefaction      Hex/Erth       0%         N/A       100%        4
 Blade Hands              Tmut           0%         N/A       100%        5


Dungeon Overview and Level Annotations

Branches:
Dungeon (4/15)             Temple (0/1) D:4

Altars:
Xom

Shops:
D:2 [


Innate Abilities, Weirdness & Mutations

Spells you cast may paralyse nearby enemies.


Message History

Found a staircase to the Ecumenical Temple.
You hit the orc.
The orc is poisoned.
The orc is heavily wounded.
The orc closely misses you.
You hit the orc.
You kill the orc!
A kobold comes into view. It is wielding a +0 short sword.
The kobold shouts!
An orc comes into view. It is wielding a +0 mace.
The orc shouts!
You hear a shout!
A kobold comes into view. It is wielding a +0 club.
The kobold shouts!
An orc priest comes into view. It is wielding a +0 hand axe.
The orc priest looks braver for a moment.
A jelly comes into view.
The jelly quivers.
You hit the jelly.
Your hands burn!
The jelly is lightly wounded.
You hit the jelly.
Your hands burn!
The jelly is heavily wounded.
The jelly barely misses you.
You hit the jelly.
Your hands burn!
The jelly is severely wounded.
You hear the slow rusting of a very distant drain.
The jelly barely misses you.
The orc priest mumbles some strange prayers to Beogh against you.
Beogh smites you!
Ouch! That really hurt!
* * * LOW HITPOINT WARNING * * *
The orc hits you with a +0 mace.
* * * LOW HITPOINT WARNING * * *
A red film seems to cover your vision as you go berserk!
You feel yourself moving faster!
You feel mighty! The orc hits you but does no damage.
The jelly hits you but does no damage.
The kobold throws a stone.
The stone closely misses you.
You hit the jelly.
You kill the jelly!
The orc priest calls down the wrath of Beogh upon you.
Beogh smites you!
You die...

#...~.~.. #........
#........ ###.#####
##.##.##
########......#
####......#......#
##.oK..o....).....+
#.@##...#..##..#..#
#.#.K#.#K.o.#..####
...#....#..#.....#
......#....##......#
#+###.....>.....#..##
#..##....#..#..# ..#
.#....#.. .# .. .#..


You could see an orc priest, an orc and 2 kobolds.

Vanquished Creatures
  A jelly (D:4)
  A dart slug (D:2)
  An orc (D:4)
  5 ball pythons
  3 bats
  3 endoplasms (D:2)
  2 giant cockroaches (D:1)
  3 goblins
  2 hobgoblins (D:1)
  2 jackals (D:1)
  2 quokkas
  3 frilled lizards
  8 kobolds
  8 rats
44 creatures vanquished.

Notes
Turn   | Place    | Note
-------+----------+-------------------------------------------
     0 | D:1      | IdlyInterested the Demonspawn Wanderer began the quest for
                  | the Orb.
     0 | D:1      | IdlyInterested set off with the following items: a +0
                  | dagger, 8 poisoned darts, a potion of curing, a +0 robe;
                  | and the following spells available to memorise: Magic Dart,
                  | Kiss of Death, Summon Small Mammal, Summon Guardian Golem,
                  | Flame Wave.
     0 | D:1      | Reached XP level 1. HP: 13/13 MP: 3/3
   225 | D:1      | Reached skill level 1 in Fighting
   471 | D:1      | Gained mutation: Spells you cast may paralyse adjacent
                  | enemies. [demonic ancestry]
   471 | D:1      | Reached XP level 2. HP: 17/21 MP: 5/5
  1284 | D:2      | Gained mutation: Spells you cast may paralyse nearby
                  | enemies. [demonic ancestry]
  1284 | D:2      | Reached XP level 3. HP: 25/27 MP: 6/6
  1313 | D:2      | Found a shimmering altar of Xom.
  1334 | D:2      | Found Dialeca's Armour Boutique.
  1413 | D:2      | Reached skill level 1 in Short Blades
  1708 | D:2      | Learned a level 1 spell: Magic Dart
  2894 | D:4      | Found a staircase to the Ecumenical Temple.
  2912 | D:4      | Killed from afar by an orc priest

Illustrated notes

Levels and vault maps discovered:
D:1:      saegor_arrival_simple_c, layout_loops_corners
D:2:      layout_loops_ring, serial_shops, nicolae_shop_trees, basic_altar
D:3:      layout_basic
D:4:      layout_gridville, overflow_temple_1_default,
          minmay_temple_entry_mini_moons, gup_sewer_entry_glass,
          chequers_serial_rivers_marsh, grunt_decor_junction

Skill      XL: |  1  2  3 |
---------------+----------+-----
Fighting       | 1 2 |  2.2
Throwing       | 3 |  3.0
Short Blades   | 1 |  1.2
Stealth        | |  0.5
Spellcasting   | |  2.0
Conjurations   | |  3.0
Summonings     | |  1.0
Evocations     | |  1.0

Action                   || total
-------------------------++-------
Melee: Dagger            ||   192
       Punch             ||     2
Throw: Dart              ||     3
  Use: Scroll            ||     6
       Potion            ||     4
Armor: Chain mail        ||   102
       Scale mail        ||    39
Dodge: Dodged            ||    60

Table legend: (Time is in decaauts)
 A = Elapsed time spent in this place.
 B = Non-inter-level travel time spent in this place.
 C = Inter-level travel time spent in this place.
 D = Time resting spent in this place.
 E = Time spent auto-exploring this place.
 F = Levels seen in this place.
 G = Mean time per level.
                   A        B        C        D        E       F      G
               +--------+--------+--------+--------+--------+-----+--------+
         Total |   2922 |   2640 |    282 |    102 |   1913 |   4 |  730.5 |
       Dungeon |   2922 |   2640 |    282 |    102 |   1913 |   4 |  730.5 |
               +--------+--------+--------+--------+--------+-----+--------+

Top non-repeatable levels by time:
     D:1: 1104 daAuts
     D:3: 1013 daAuts
     D:2: 753 daAuts
     D:4: 51 daAuts
